[Event "Titled Tuesday Blitz May 25 2021"]
[White "Praggnanandhaa R"]
[Black "Khanin, Semen"]
[WhiteFideId "25059530"]
[BlackFideId "4111990"]
[WhiteElo "2555"]
[BlackElo "2521"]
[Result "1-0"]
[Round "11"]
[TimeControl "180+1"]
[Date "2021.05.25"]
[WhiteClock "0:01:32"]
[BlackClock "0:01:26"]

1. Nf3 g6 2. e4 Bg7 3. d4 d6 4. Bc4 Nf6 5. Qe2 Nc6 6. h3 O-O 7. O-O e5 8. dxe5 Nxe5 9. Nxe5 dxe5 10. Rd1 Qe7 11. b3 Rd8 12. Ba3 Qe8 13. Nc3 Rxd1+ 14. Rxd1 c6 15. Rd6 Nd7 16. Rd1 Nb6 17. Bd3 Be6 18. Bc5 Rd8 19. a4 Bf8 20. Qe3 Bxc5 21. Qxc5 f6 22. a5 Nc8 23. b4 Qe7 24. Kh2 b6 25. Qxe7 Nxe7 26. Bc4 Nd5 27. exd5 cxd5 28. Bxd5 Bxd5 29. Nxd5 Kf7 30. axb6 axb6 31. c4 e4 32. Ne3 1-0


[Site "https://www.chess.com"]

[Event "Titled Tuesday Blitz May 25 2021"]
[White "Quparadze, Giga"]
[Black "Maly, Alexey"]
[WhiteFideId "13602250"]
[BlackFideId "14103184"]
[WhiteElo "2658"]
[BlackElo "2314"]
[Result "1/2-1/2"]
[Round "11"]
[TimeControl "180+1"]
[Date "2021.05.25"]
[WhiteClock "0:01:31"]
[BlackClock "0:00:07"]

1. e4 c6 2. d4 d5 3. Nc3 dxe4 4. Nxe4 Bf5 5. Ng3 Bg6 6. h4 h6 7. Nf3 Nd7 8. h5 Bh7 9. Bd3 Bxd3 10. Qxd3 e6 11. Bf4 Ngf6 12. O-O-O Be7 13. Kb1 O-O 14. Ne4 Nxe4 15. Qxe4 Nf6 16. Qe2 Qd5 17. Ne5 Qe4 18. Qxe4 Nxe4 19. Rhe1 Nf6 20. g4 Rfd8 21. f3 Kf8 22. c4 Ke8 23. Bc1 Nd7 24. Nd3 Nb6 25. b3 Bf6 26. Ne5 Nd7 27. f4 Nxe5 28. dxe5 Bh4 29. Rh1 Rxd1 30. Rxd1 Rd8 31. Rxd8+ Kxd8 32. Be3 a6 33. Kc2 Kd7 34. Kd3 Be7 35. Ke4 b5 36. f5 Bf8 37. f6 g5 38. Kd3 Kc7 39. Bd2 Kb6 40. Bc3 b4 41. c5+ Kxc5 42. Bd4+ Kd5 43. Bb6 Kxe5 44. Bd8 Bd6 45. Be7 Kd5 46. Ke3 e5 47. Bd8 Bc5+ 48. Ke2 e4 49. Be7 Bd6 50. Ke3 Ke6 51. Bd8 Be5 52. Kxe4 Bxf6 53. Bb6 Be7 54. Bd4 f6 55. Be3 c5 56. Bf2 Bd6 57. Be3 Be7 58. Bf2 Bd6 59. Be3 Be7 1/2-1/2


[Site "https://www.chess.com"]

[Event "Titled Tuesday Blitz May 25 2021"]
[White "Rakshitta, Ravi"]
[Black "Nozdrachev, Leonid"]
[WhiteFideId "25073230"]
[BlackFideId "24113433"]
[WhiteElo "1873"]
[BlackElo "2246"]
[Result "0-1"]
[Round "11"]
[TimeControl "180+1"]
[Date "2021.05.25"]
[WhiteClock "0:00:08"]
[BlackClock "0:00:10"]

1. e4 d6 2. d4 Nf6 3. Nc3 e5 4. Bg5 Be7 5. Nf3 Nbd7 6. Bc4 O-O 7. Qd2 c6 8. O-O-O b5 9. Bd3 Qa5 10. Kb1 b4 11. Ne2 Rb8 12. h4 Ba6 13. g4 Rfe8 14. Bxf6 Nxf6 15. g5 Ng4 16. Bxa6 Qxa6 17. Ng3 Qc4 18. Nf5 exd4 19. N3xd4 g6 20. Nxe7+ Rxe7 21. f4 Rxe4 22. f5 Ne3 23. Rde1 Qxd4 24. Qxd4 Rxd4 25. Rxe3 gxf5 26. Re7 a5 27. Rf1 Rxh4 28. b3 f4 29. Rd7 d5 30. Rd6 Rc8 31. Re1 Rg4 32. Re5 Rc7 33. Rf5 f3 34. Rxf3 Rxg5 35. Rff6 Rg6 36. Rd8+ Kg7 37. Rf4 Re7 38. Rf1 Re5 39. Ra8 d4 40. Rd8 Rd5 41. Re8 d3 42. Re7 dxc2+ 43. Kxc2 Rf6 44. Rg1+ Kf8 45. Rc7 Rf2+ 46. Kc1 Rc5+ 47. Kb1 Rcc2 48. Rc8+ Ke7 49. Re1+ Kf6 50. Rd8 Rb2+ 51. Kc1 Rxa2 52. Rd6+ Kg7 53. Rg1+ Kf8 54. Kb1 Rfb2+ 55. Kc1 Ra1+ 56. Kxb2 Rxg1 57. Rxc6 Rg5 58. Ra6 h5 59. Kc2 Kg7 60. Rc6 h4 61. Rc4 Rh5 62. Rg4+ Kf8 63. Kd3 h3 64. Rg1 h2 65. Rh1 Ke7 66. Ke4 Ke6 67. Kf4 Rh3 68. Kg4 Rxb3 69. Rxh2 Ra3 70. Re2+ Kd5 71. Kf5 Kc4 72. Ke4 Kb3 73. Kd3 Ka4+ 74. Kc4 Rc3+ 75. Kd4 Kb3 76. Re1 a4 77. Rb1+ Ka3 78. Ra1+ Kb3 79. Rb1+ Ka3 80. Ra1+ Kb2 81. Rxa4 b3 82. Ra7 Rc2 83. Rxf7 Kb1 84. Rf1+ Ka2 85. Kd3 Rc7 86. Rf6 b2 87. Ra6+ Kb1 88. Rb6 Rd7+ 89. Kc3 Rc7+ 90. Kd3 Kc1 91. Rh6 b1=Q+ 92. Ke3 Qc2 93. Rh1+ Kb2 94. Kd4 Rc4+ 95. Ke5 Qe4+ 96. Kd6 Qxh1 97. Kd7 Rc3 98. Ke8 Qd1 99. Kf7 Re3 100. Kg8 Qf3 101. Kh7 Re4 102. Kh6 Rg4 103. Kh7 Qh3# 0-1


[Site "https://www.chess.com"]

[Event "Titled Tuesday Blitz May 25 2021"]
[White "Rostovtsev, Dmitry"]
[Black "Omk124"]
[WhiteFideId "34278320"]
[WhiteElo "2143"]
[BlackElo "2551"]
[Result "0-1"]
[Round "11"]
[TimeControl "180+1"]
[Date "2021.05.25"]
[WhiteClock "0:00:03"]
[BlackClock "0:00:21"]

1. e4 c5 2. Nf3 d6 3. d4 cxd4 4. Nxd4 Nf6 5. Nc3 a6 6. Be3 e5 7. Nf3 Be7 8. h3 O-O 9. g4 b5 10. g5 Nfd7 11. Qd5 b4 12. Na4 Qc7 13. Qd2 Bb7 14. Bd3 Nc6 15. h4 Rfc8 16. O-O Qa5 17. b3 Nd8 18. Rad1 Ne6 19. a3 Bc6 20. axb4 Qc7 21. c4 Qb7 22. Nc3 Qxb4 23. Nd5 Qxd2 24. Rxd2 Bxd5 25. exd5 Nec5 26. Bc2 Rab8 27. Rb1 a5 28. Rdd1 Bd8 29. Nd2 g6 30. Kg2 f5 31. gxf6 Nxf6 32. Bxc5 Rxc5 33. Ra1 Bb6 34. Ne4 Nxe4 35. Bxe4 Rc7 36. f3 Ra7 37. Rh1 Bd4 38. Rab1 Ra6 39. Bc2 Rc8 40. h5 gxh5 41. Rxh5 Ra7 42. Rbh1 Rg7+ 43. Kf1 Rcc7 44. Bf5 Rb7 45. Bc2 Rbf7 46. Ke2 Rg2+ 47. Kd1 Rxf3 48. Rxh7 Rfg3 49. Rh8+ Kf7 50. R1h7+ Rg7 51. Rxg7+ Kxg7 52. Rh7+ Kg8 53. Rh3 Rg1+ 54. Ke2 Rc1 55. Kd2 Ra1 56. Rf3 Ra2 57. Kd3 Rb2 58. Rf1 Kg7 59. Rb1 Ra2 60. Rd1 Bb2 61. Rb1 Ba3 62. Rg1+ Kf7 63. Rb1 Bc5 64. Rc1 e4+ 65. Kc3 Bb4+ 66. Kd4 Bd2 67. Rf1+ Ke7 68. Bxe4 Bg5 69. Rb1 Rd2+ 70. Kc3 Rh2 71. Bd3 Bf6# 0-1


[Site "https://www.chess.com"]

[Event "Titled Tuesday Blitz May 25 2021"]
[White "Rustemov, Alexander"]
[Black "Koellner, Ruben Gideon"]
[WhiteFideId "4119002"]
[BlackFideId "12993093"]
[WhiteElo "2721"]
[BlackElo "2525"]
[Result "1-0"]
[Round "11"]
[TimeControl "180+1"]
[Date "2021.05.25"]
[WhiteClock "0:00:19"]
[BlackClock "0:00:03"]

1. d4 d6 2. Nf3 Nf6 3. g3 g6 4. Bg2 Bg7 5. c4 c6 6. Nc3 Bf5 7. Nh4 Bd7 8. O-O O-O 9. e4 e5 10. Nf3 Re8 11. h3 Qc7 12. Be3 Be6 13. b3 h6 14. Qd2 Kh7 15. Rfd1 a5 16. d5 cxd5 17. cxd5 Bd7 18. Rac1 Qd8 19. Qe2 Na6 20. Nd2 Rc8 21. Nc4 Bf8 22. Bb6 Qe7 23. Nxa5 Nc5 24. Bxc5 Rxc5 25. Nxb7 Rc7 26. Na5 Rec8 27. Qe1 h5 28. Ne2 Bh6 29. Rxc7 Rxc7 30. Nc4 Bb5 31. Qb4 Bxc4 32. bxc4 Nd7 33. Nc3 Nc5 34. h4 Ra7 35. a4 Qd7 36. a5 Qd8 37. Qb6 Qxb6 38. axb6 Rb7 39. Rb1 Bd2 40. Nb5 Rxb6 41. Ra1 Nb3 42. Ra7 Kg7 43. Bh3 Nd4 44. Be6 Nxb5 45. Rxf7+ Kh6 46. cxb5 Rxb5 47. Kg2 Rb2 48. Bd7 1-0


[Site "https://www.chess.com"]

[Event "Titled Tuesday Blitz May 25 2021"]
[White "Sadovsky, Artem"]
[Black "Terry, Renato"]
[WhiteFideId "4155840"]
[BlackFideId "3803457"]
[WhiteElo "2476"]
[BlackElo "2581"]
[Result "0-1"]
[Round "11"]
[TimeControl "180+1"]
[Date "2021.05.25"]
[WhiteClock "0:00:02"]
[BlackClock "0:01:05"]

1. Nf3 d5 2. g3 Nf6 3. Bg2 c6 4. O-O Bg4 5. b3 Nbd7 6. Bb2 e6 7. d3 Bd6 8. Nbd2 O-O 9. e4 Qe7 10. Re1 Ba3 11. Qc1 Bxb2 12. Qxb2 Bxf3 13. Bxf3 dxe4 14. Nxe4 Rfd8 15. Nxf6+ Qxf6 16. Qxf6 Nxf6 17. Rad1 Rd6 18. d4 Rad8 19. c3 b6 20. Kf1 Kf8 21. h4 Ke7 22. Ke2 h6 23. Ke3 c5 24. dxc5 bxc5 25. Rxd6 Rxd6 26. Rd1 Ra6 27. Rd2 Nd7 28. Be2 Rb6 29. Bc4 g5 30. hxg5 hxg5 31. f4 gxf4+ 32. gxf4 Rd6 33. Rxd6 Kxd6 34. Be2 f5 35. Bf3 Nf6 36. Kd3 Nd7 37. Ke3 Nb6 38. Bg2 Nd5+ 39. Bxd5 Kxd5 40. a3 e5 41. fxe5 Kxe5 42. b4 Kd5 0-1


[Site "https://www.chess.com"]

[Event "Titled Tuesday Blitz May 25 2021"]
[White "Salem, A.R. Saleh"]
[Black "Sarana, Alexey"]
[WhiteFideId "9301348"]
[BlackFideId "24133795"]
[WhiteElo "2659"]
[BlackElo "2629"]
[Result "1-0"]
[Round "11"]
[TimeControl "180+1"]
[Date "2021.05.25"]
[WhiteClock "0:00:06"]
[BlackClock "0:00:05"]

1. d4 Nf6 2. c4 e6 3. Nf3 d5 4. Nc3 Nbd7 5. Bg5 h6 6. Bh4 Be7 7. e3 O-O 8. Bd3 dxc4 9. Bxc4 a6 10. a4 b6 11. O-O Bb7 12. Qe2 c5 13. Bg3 Nh5 14. d5 Nxg3 15. hxg3 exd5 16. Nxd5 Nf6 17. Nf4 Bd6 18. Rfd1 Qc7 19. Nh4 Be4 20. Nd5 Nxd5 21. Bxd5 Bxd5 22. Rxd5 Be5 23. Nf5 Rfe8 24. Rad1 Qc6 25. Qg4 Qg6 26. Qf3 Kh7 27. b3 Rac8 28. g4 b5 29. axb5 axb5 30. Rd7 c4 31. bxc4 bxc4 32. Ne7 Rxe7 33. Rxe7 Bf6 34. Rb7 c3 35. Qf5 Rc4 36. f3 Bg5 37. Kf2 Bf6 38. Rc1 Qxf5 39. gxf5 Kg8 40. Ke2 Ra4 41. Rc2 Ra1 42. f4 h5 43. e4 Bd4 44. e5 Rg1 45. Kd3 Rd1+ 46. Ke4 h4 47. Rb4 Bc5 48. Rb8+ Kh7 49. Rxc3 Re1+ 50. Kf3 Rf1+ 51. Kg4 Ba7 52. Ra8 Bd4 53. Rcc8 1-0


[Site "https://www.chess.com"]

[Event "Titled Tuesday Blitz May 25 2021"]
[White "Samadov, Read"]
[Black "Spata, German"]
[WhiteFideId "13417444"]
[BlackFideId "113026"]
[WhiteElo "2734"]
[BlackElo "2533"]
[Result "1-0"]
[Round "11"]
[TimeControl "180+1"]
[Date "2021.05.25"]
[WhiteClock "0:00:58"]
[BlackClock "0:00:08"]

1. d4 d5 2. c4 c6 3. cxd5 cxd5 4. Nc3 Nf6 5. Bf4 Nc6 6. Nf3 a6 7. e3 Bf5 8. Qb3 Na5 9. Qd1 Nc6 10. Be2 Rc8 11. Ne5 e6 12. g4 Bg6 13. h4 Nxe5 14. dxe5 Ne4 15. h5 Rxc3 16. bxc3 Nxc3 17. Qb3 Qa5 18. Kf1 Be4 19. f3 Bb1 20. Rxb1 Nxb1 21. Qxb1 Be7 22. h6 g6 23. Kf2 O-O 24. Qxb7 Bc5 25. Qxa6 Qb4 26. Bg5 d4 27. Qc4 dxe3+ 28. Bxe3 Bxe3+ 29. Kxe3 Qa3+ 30. Bd3 Qa7+ 31. Ke2 Rb8 32. Rb1 Rd8 33. a4 Qe7 34. Qf4 Qa3 35. Rd1 Qb2+ 36. Rd2 1-0


[Site "https://www.chess.com"]

[Event "Titled Tuesday Blitz May 25 2021"]
[White "Sanchez Alvares, Kelvin Antonio"]
[Black "Guimaraes, Diogo Duarte"]
[WhiteFideId "3906680"]
[BlackFideId "2112450"]
[WhiteElo "2247"]
[BlackElo "2263"]
[Result "1-0"]
[Round "11"]
[TimeControl "180+1"]
[Date "2021.05.25"]
[WhiteClock "0:01:43"]
[BlackClock "0:00:44"]

1. e4 e5 2. Nf3 Nc6 3. Bb5 Nf6 4. d3 Bc5 5. Bg5 h6 6. Bh4 g5 7. Bg3 d6 8. c3 Bg4 9. h3 Bh5 10. Nbd2 a6 11. Ba4 b5 12. Bc2 Bg6 13. Qe2 Nh5 14. O-O-O a5 15. d4 exd4 16. e5 Nxg3 17. fxg3 d3 18. Bxd3 Bxd3 19. Qxd3 O-O 20. e6 Qf6 21. exf7+ Qxf7 22. Rhf1 Qf5 23. Qxb5 Ne5 24. Nxe5 Qxe5 25. Qc4+ Kg7 26. Nf3 Qf5 27. Nd4 Bxd4 28. Rxf5 Be3+ 29. Kb1 Rxf5 30. Qe4 1-0


[Site "https://www.chess.com"]

[Event "Titled Tuesday Blitz May 25 2021"]
[White "Seul, Georg"]
[Black "Badelka, Olga"]
[WhiteFideId "4601653"]
[BlackFideId "13509926"]
[WhiteElo "2332"]
[BlackElo "2181"]
[Result "0-1"]
[Round "11"]
[TimeControl "180+1"]
[Date "2021.05.25"]
[WhiteClock "0:00:01"]
[BlackClock "0:00:27"]

1. e4 c5 2. Nf3 Nc6 3. Bb5 e6 4. Bxc6 bxc6 5. d3 Ne7 6. O-O Qc7 7. Ng5 Ng6 8. Qh5 h6 9. Nh3 Qe5 10. Qe2 c4 11. f4 cxd3 12. Qxd3 Bc5+ 13. Kh1 Qd4 14. Qxd4 Bxd4 15. Nd2 Ba6 16. Re1 O-O 17. Nf3 Bb6 18. Bd2 d5 19. e5 Ne7 20. Be3 c5 21. Rad1 d4 22. Bg1 Nf5 23. c3 Rfd8 24. cxd4 cxd4 25. b3 Rac8 26. Rc1 Ne3 27. Nf2 Rxc1 28. Rxc1 d3 29. Ne4 Bb7 30. Ned2 g5 31. fxg5 hxg5 32. Bxe3 Bxe3 33. Re1 Bf4 34. Rd1 g4 35. Ne1 Ba6 36. Nc4 d2 37. Nc2 Rd3 38. g3 Bxc4 0-1


[Site "https://www.chess.com"]

[Event "Titled Tuesday Blitz May 25 2021"]
[White "Shkapenko, Pavel"]
[Black "Gabdushev, Ruslan"]
[WhiteFideId "4151933"]
[BlackFideId "4137833"]
[WhiteElo "2386"]
[BlackElo "2312"]
[Result "1-0"]
[Round "11"]
[TimeControl "180+1"]
[Date "2021.05.25"]
[WhiteClock "0:00:09"]
[BlackClock "0:00:03"]

1. e4 Nc6 2. d4 d5 3. Nc3 e5 4. dxe5 d4 5. Nd5 Bc5 6. Nf3 Be6 7. Nf4 Bg4 8. Bb5 Ne7 9. h3 Bxf3 10. Qxf3 O-O 11. Nd3 Bb6 12. O-O Ng6 13. Bxc6 bxc6 14. Qg3 c5 15. b3 a5 16. f4 Ne7 17. f5 Kh8 18. Bg5 f6 19. exf6 gxf6 20. Bh6 Rg8 21. Qh4 Nc6 22. e5 Nxe5 23. Nxe5 fxe5 24. f6 Rg6 25. Bg7+ Kg8 26. Qe4 d3 27. Qxe5 Qd4+ 28. Qxd4 cxd4 29. cxd3 Bc5 30. Rae1 Kf7 31. Re4 a4 32. Rc1 Bd6 33. b4 Rg5 34. Rxd4 Rb5 35. a3 Re8 36. Rdc4 Re2 37. R4c2 Rbe5 38. Rxe2 Rxe2 39. Kf1 Ra2 40. Rc3 Ke6 41. d4 Rd2 42. Rf3 Kf7 43. Rc3 Rxd4 44. Ke2 Re4+ 45. Kf3 Re1 46. g4 Rb1 47. Ke4 Rb3 48. Rxb3 axb3 49. Kd3 Be5 50. a4 Ke6 51. a5 b2 52. Kc2 Bc3 53. a6 Bd4 54. b5 Kf7 55. g5 Kg6 56. h4 Kf7 57. h5 1-0


[Site "https://www.chess.com"]

[Event "Titled Tuesday Blitz May 25 2021"]
[White "Shtyka, Sergey"]
[Black "Romanchuk, Viktor"]
[WhiteFideId "4138465"]
[BlackFideId "14109271"]
[WhiteElo "2102"]
[BlackElo "2242"]
[Result "1/2-1/2"]
[Round "11"]
[TimeControl "180+1"]
[Date "2021.05.25"]
[WhiteClock "0:00:48"]
[BlackClock "0:00:32"]

1. e4 e6 2. Nf3 d5 3. e5 c5 4. b4 b6 5. a3 a5 6. b5 d4 7. Bc4 Bb7 8. d3 Ne7 9. O-O Ng6 10. Nbd2 Nd7 11. Re1 Qc7 12. Qe2 Be7 13. Ba2 O-O 14. Nc4 Bxf3 15. gxf3 Nh4 16. Bf4 Qb7 17. Nd2 Ng6 18. Bg3 Bg5 19. Ne4 Bf4 20. Nd6 Qc7 21. Nc4 h5 22. Qe4 Bh6 23. Re2 Bg5 24. f4 Bh6 25. h3 Ne7 26. Nd6 g6 27. Bh4 Nf5 28. Nxf5 exf5 29. Qg2 Kh7 30. Bg5 Rfe8 31. Bxf7 Nf8 32. Bxe8 Rxe8 33. Bxh6 Kxh6 34. h4 Ne6 35. Qg3 Qd7 36. a4 Qd5 37. Kh2 Rg8 38. Ree1 Kg7 39. Rg1 Kf7 40. f3 Qd8 41. Rg2 Qd5 42. Rgg1 Qd8 43. Rg2 Qd5 44. Rgg1 1/2-1/2


[Site "https://www.chess.com"]

[Event "Titled Tuesday Blitz May 25 2021"]
[White "Sliwicki, Damian"]
[Black "Sergey85Rodchenkov"]
[WhiteFideId "1127128"]
[WhiteElo "2149"]
[BlackElo "2512"]
[Result "0-1"]
[Round "11"]
[TimeControl "180+1"]
[Date "2021.05.25"]
[WhiteClock "0:00:02"]
[BlackClock "0:01:03"]

1. e4 c5 2. Nf3 d6 3. d4 cxd4 4. Qxd4 e5 5. Qe3 Be7 6. c4 h6 7. Nc3 Nf6 8. h3 Be6 9. Be2 O-O 10. O-O a6 11. b3 Nbd7 12. Ba3 Qa5 13. Bb2 Rfc8 14. Rfd1 Rab8 15. Rac1 b5 16. cxb5 axb5 17. Nd5 Bxd5 18. Rxc8+ Rxc8 19. exd5 Qxa2 20. Rd2 Nxd5 21. Rxd5 Qxb2 22. Bxb5 Nf6 23. Rd1 Rc3 24. Qa7 Qxb3 25. Qb8+ Kh7 26. Ra1 Rc5 27. Qb7 Rxb5 28. Qxe7 Qe6 29. Qd8 e4 30. Nh4 Qd7 31. Qf8 Qe8 32. Qxd6 Qe5 33. Qxe5 Rxe5 34. Re1 g5 35. Nf3 Re8 36. Nd4 Kg6 37. f3 e3 38. Nc2 Nd5 39. Kf1 f5 40. g3 f4 41. gxf4 gxf4 42. Ke2 Kf5 43. Ra1 Rc8 44. Nd4+ Ke5 45. Rd1 Nc3+ 0-1


[Site "https://www.chess.com"]

[Event "Titled Tuesday Blitz May 25 2021"]
[White "Solon, Nathan"]
[Black "Mikhalsky, Vladimir"]
[WhiteFideId "2017229"]
[BlackFideId "14144352"]
[WhiteElo "2612"]
[BlackElo "2280"]
[Result "0-1"]
[Round "11"]
[TimeControl "180+1"]
[Date "2021.05.25"]
[WhiteClock "0:00:01"]
[BlackClock "0:00:17"]

1. d4 g6 2. e4 Bg7 3. Nc3 d6 4. Nf3 a6 5. Be3 b5 6. Bd3 Bb7 7. O-O Nc6 8. a4 b4 9. Ne2 Nf6 10. h3 O-O 11. Ng3 Nd7 12. c3 a5 13. Qe2 Nb6 14. Nh2 e5 15. d5 Ne7 16. c4 f5 17. exf5 gxf5 18. Nh5 Ng6 19. g4 f4 20. Bxb6 cxb6 21. Nf3 Nh4 22. Rae1 Rf7 23. Nxh4 Qxh4 24. Qf3 Kh8 25. Kh2 Rg8 26. Bf5 Bc8 27. Be6 Rff8 28. Bxg8 Rxg8 29. Rg1 Bh6 30. Rg2 Qe7 31. Qe4 Bg5 32. f3 Bd7 33. Qc2 Be8 34. Re4 Bg6 35. Qf2 Bh4 36. Qxb6 Bxh5 37. gxh5 Rxg2+ 38. Kxg2 Qg7+ 39. Kf1 Qg3 40. Qb8+ Kg7 41. Qc7+ Kh6 42. Qxd6+ Kxh5 43. Qxe5+ Bg5 44. Qe8+ Kh4 45. Ke2 Qg2+ 46. Kd3 Qxf3+ 47. Kd4 Qf2+ 48. Ke5 Qxb2+ 49. Kf5 Qg7 50. Ke6 Kg3 51. Qf7 Qh6+ 52. Kd7 f3 53. Re6 Qxh3 54. Qg7 h6 55. c5 f2 0-1


[Site "https://www.chess.com"]

[Event "Titled Tuesday Blitz May 25 2021"]
[White "Spyropoulos, Nikolaos"]
[Black "Rozen, Eytan"]
[WhiteFideId "4298977"]
[BlackFideId "2816750"]
[WhiteElo "2159"]
[BlackElo "1963"]
[Result "1-0"]
[Round "11"]
[TimeControl "180+1"]
[Date "2021.05.25"]
[WhiteClock "0:00:11"]
[BlackClock "0:00:17"]

1. e4 d6 2. d4 Nf6 3. Nc3 e5 4. Nf3 Nbd7 5. Bc4 Be7 6. O-O O-O 7. a4 c6 8. Re1 b6 9. h3 a6 10. Bg5 Bb7 11. Bb3 b5 12. Qd2 h6 13. Bh4 exd4 14. Nxd4 b4 15. Nd1 Nc5 16. Nf5 Nxb3 17. cxb3 c5 18. Nde3 g5 19. Nxe7+ Qxe7 20. Nf5 Qe5 21. Bg3 Nxe4 22. Bxe5 Nxd2 23. Bxd6 Rfe8 24. Nxh6+ Kg7 25. Nf5+ Kf6 26. Ne3 Nxb3 27. Rad1 Rad8 28. Rd3 c4 29. Rdd1 a5 30. Nxc4 Rxe1+ 31. Rxe1 Ba6 32. Be7+ Kg6 33. Bxd8 Bxc4 34. Re5 f6 35. Re7 Nc5 36. Rc7 Ne6 37. Rxc4 Nxd8 38. Rc5 Nb7 39. Rb5 Nd6 40. Rxa5 Nc4 41. Rb5 1-0


[Site "https://www.chess.com"]

[Event "Titled Tuesday Blitz May 25 2021"]
[White "Starozhilov, Leonid"]
[Black "Perez, Maximiliano"]
[WhiteFideId "14106752"]
[BlackFideId "117234"]
[WhiteElo "2411"]
[BlackElo "2368"]
[Result "1-0"]
[Round "11"]
[TimeControl "180+1"]
[Date "2021.05.25"]
[WhiteClock "0:02:29"]
[BlackClock "0:01:32"]

1. e4 c5 2. Nf3 d6 3. Bb5+ Nd7 4. O-O a6 5. Bxd7+ Bxd7 6. Re1 Nf6 7. c3 e6 8. d4 cxd4 9. cxd4 d5 10. e5 Ne4 11. Nbd2 Nxd2 12. Bxd2 Qb6 13. Bc3 h6 14. h3 Rc8 15. Re3 Be7 16. a3 Bb5 17. Nh2 Bc4 18. Qd2 Kd7 19. Rg3 g6 20. Ng4 h5 21. Nf6+ Bxf6 22. exf6 Rc6 23. Re1 Rhc8 24. Qh6 Qd8 25. Qg7 Qg8 26. Rxg6 Qxg7 27. Rxg7 Rf8 28. Bb4 1-0


[Site "https://www.chess.com"]

[Event "Titled Tuesday Blitz May 25 2021"]
[White "Terletsky, Oleg"]
[Black "Ambartsumova, Karina"]
[WhiteFideId "14116774"]
[BlackFideId "4166299"]
[WhiteElo "2094"]
[BlackElo "2262"]
[Result "0-1"]
[Round "11"]
[TimeControl "180+1"]
[Date "2021.05.25"]
[WhiteClock "0:00:04"]
[BlackClock "0:00:05"]

1. e4 c5 2. Nf3 e6 3. d4 cxd4 4. Nxd4 a6 5. Nc3 b5 6. Bd3 Qb6 7. Nb3 Qc7 8. O-O Nf6 9. f4 d6 10. Kh1 Be7 11. e5 Nfd7 12. Qg4 g6 13. exd6 Qxd6 14. Be4 f5 15. Qf3 fxe4 16. Nxe4 Qc7 17. Nd4 Bb7 18. Nxe6 Qc6 19. Qc3 Qxc3 20. Nxc3 Kf7 21. Nc7 Ra7 22. Be3 Bc5 23. Rae1 Bxg2+ 24. Kxg2 Rxc7 25. f5 Bxe3 26. fxg6+ Kg7 27. Rxe3 Nc6 28. gxh7 Rxh7 29. Nd5 Rc8 30. Rg3+ Kh8 31. c3 Rg8 32. Rf5 Rxg3+ 33. hxg3 Kg8 34. Kf3 Rg7 35. Nf6+ Nxf6 36. Rxf6 Rf7 37. Rxf7 Kxf7 38. Ke4 Ke6 39. g4 Ne7 40. g5 Ng6 41. b3 Ne7 42. c4 b4 43. Kd4 Kd6 44. c5+ Kc6 45. Kc4 a5 46. Kd4 Ng6 47. Kc4 Nf4 48. Kd4 Ne6+ 49. Kd3 Nxg5 50. Kc2 Kxc5 51. a3 Ne4 52. axb4+ Kxb4 53. Kb2 Nc3 0-1


[Site "https://www.chess.com"]

[Event "Titled Tuesday Blitz May 25 2021"]
[White "Timmermans, Mark"]
[Black "Dong, Bao Nghia"]
[WhiteFideId "1026399"]
[BlackFideId "12400343"]
[WhiteElo "2460"]
[BlackElo "2409"]
[Result "0-1"]
[Round "11"]
[TimeControl "180+1"]
[Date "2021.05.25"]
[WhiteClock "0:00:11"]
[BlackClock "0:00:21"]

1. b4 a5 2. b5 Nf6 3. Bb2 e6 4. a4 d5 5. e3 Nbd7 6. c4 b6 7. Nf3 Bb7 8. Be2 Be7 9. O-O O-O 10. d4 c6 11. Nbd2 dxc4 12. Bxc4 cxb5 13. axb5 Rc8 14. Qb3 Bb4 15. Rac1 Nd5 16. Ne4 N7f6 17. Ng3 Qe7 18. Ne5 Rfd8 19. Bd3 Qd6 20. Bb1 Bd2 21. Rxc8 Rxc8 22. Qd3 Qb4 23. Ba3 Qc3 24. Rd1 Qxd3 25. Bxd3 Bb4 26. Bb2 a4 27. Ra1 Ra8 28. Ba3 Bxa3 29. Rxa3 Nb4 30. Be2 Nc2 31. Ra2 a3 32. Nc4 Bd5 33. Rxc2 a2 34. Rxa2 Rxa2 35. Nxb6 Ra1+ 36. Nf1 Bb7 37. f3 Ne8 38. Kf2 Nd6 39. Nd7 Rb1 40. Nc5 Bc8 41. Nd2 Rb2 42. Ncb3 Bd7 43. b6 Ba4 44. Nc5 Bc6 45. Ndb3 Bd5 46. Na5 Rxb6 47. e4 Ba8 48. e5 Nf5 49. Nc4 Rb8 50. Na6 Rd8 51. Nb6 Nxd4 52. Nc7 Bb7 53. Nc4 Nxe2 54. Kxe2 Rc8 0-1


[Site "https://www.chess.com"]

[Event "Titled Tuesday Blitz May 25 2021"]
[White "Titus, Andrew"]
[Black "Samsonkin, Artiom"]
[WhiteFideId "2059770"]
[BlackFideId "13503111"]
[WhiteElo "2044"]
[BlackElo "2513"]
[Result "0-1"]
[Round "11"]
[TimeControl "180+1"]
[Date "2021.05.25"]
[WhiteClock "0:00:02"]
[BlackClock "0:00:04"]

1. e4 c5 2. Nf3 d6 3. d4 cxd4 4. Nxd4 Nf6 5. Nc3 a6 6. h3 e5 7. Nde2 h5 8. Ng1 b5 9. Bg5 Bb7 10. a4 b4 11. Nd5 Nbd7 12. Bc4 Qc8 13. Qe2 Nxd5 14. exd5 Nb6 15. Bb3 Bxd5 16. a5 Bxb3 17. axb6 Bd5 18. Nf3 Qb7 19. O-O f6 20. Be3 Kf7 21. Rfd1 Be7 22. Ne1 Bc6 23. f4 d5 24. fxe5 fxe5 25. Qf2+ Kg8 26. Bc5 Rf8 27. Qe3 Bxc5 28. Qxc5 Rb8 29. Nd3 Qxb6 30. Qxb6 Rxb6 31. Nxe5 Bb7 32. Rd4 Rhh6 33. Nd3 Rhe6 34. Nxb4 Re2 35. Kf1 Re4 36. Rxe4 dxe4 37. c3 e3 38. Ke2 Bxg2 39. h4 g5 40. hxg5 h4 41. Kxe3 h3 42. Kf2 Rb5 43. g6 Rg5 44. Kg1 a5 45. Nd3 Be4+ 46. Kh2 Bxd3 47. Kxh3 Bxg6 48. b4 axb4 49. cxb4 Kf7 50. Kh4 Rg2 51. b5 Rb2 52. Rf1+ Ke6 53. Kg5 Be4 54. Re1 Ke5 55. Kg4 Rg2+ 56. Kh3 Rg6 57. Rf1 Kd4 58. Rf8 Ke3 59. Kh4 Rg1 60. Kh5 Rb1 61. Kg5 Rxb5+ 62. Kf6 Kd4 63. Rd8+ Bd5 64. Rd6 Rb2 65. Rd8 Rf2+ 66. Kg5 Ke5 67. Rb8 Rg2+ 68. Kh4 Be4 69. Kh3 Rg6 70. Rf8 Bf5+ 71. Kh2 Kf4 72. Rf7 Rg5 73. Rf8 Kf3 74. Rh8 Kf2 75. Rh6 Be4 76. Rf6+ Bf3 77. Rh6 Rg2+ 78. Kh3 Rg1 79. Kh4 Rg4+ 80. Kh3 Re4 81. Kh2 Re1 82. Kh3 Rh1# 0-1


[Site "https://www.chess.com"]

[Event "Titled Tuesday Blitz May 25 2021"]
[White "Tomb, Maroun"]
[Black "Vakhlamov, Igor L."]
[WhiteFideId "5300398"]
[BlackFideId "24126748"]
[WhiteElo "2517"]
[BlackElo "2405"]
[Result "0-1"]
[Round "11"]
[TimeControl "180+1"]
[Date "2021.05.25"]
[WhiteClock "0:00:01"]
[BlackClock "0:00:17"]

1. e4 c5 2. Ne2 Nc6 3. Nbc3 g6 4. d4 cxd4 5. Nxd4 Bg7 6. Nde2 Nf6 7. g3 O-O 8. Bg2 Rb8 9. a4 a6 10. O-O b5 11. axb5 axb5 12. Nd5 d6 13. c3 Nd7 14. Nd4 Nxd4 15. cxd4 e6 16. Nb4 Bb7 17. Be3 Ra8 18. Qd3 Qb6 19. b3 Rfc8 20. Qd2 Qc7 21. Rac1 Qa5 22. h4 Qa3 23. h5 Qxb3 24. h6 Bh8 25. Nd3 Nb6 26. Qe2 Nc4 27. e5 Bxg2 28. Kxg2 dxe5 29. Nc5 Qa2 30. Rc2 Qa7 31. dxe5 Rxc5 32. Rd1 Qb7+ 33. Kh2 Rxe5 34. Ra2 Rh5+ 35. Qxh5 gxh5 36. Rd7 Qc8 37. Rc7 Qf8 38. Bc5 Qd8 39. Rd7 Qe8 40. Re7 Qf8 41. Rc7 Rxa2 42. Bxf8 Kxf8 43. Rc8+ Ke7 44. Rxh8 Kf6 45. Rxh7 Rxf2+ 46. Kh3 Kg6 47. Rh8 Ne3 48. g4 hxg4+ 49. Kh4 Rh2+ 50. Kg3 Rxh6 51. Rg8+ Kf5 52. Kf2 Rh3 53. Kg1 Rg3+ 54. Kh2 Rg2+ 55. Kh1 Ra2 56. Rxg4 Kxg4 0-1


[Site "https://www.chess.com"]

[Event "Titled Tuesday Blitz May 25 2021"]
[White "Tregubov, Pavel V."]
[Black "Noboa Silva, Kevin"]
[WhiteFideId "4115341"]
[BlackFideId "3618471"]
[WhiteElo "2423"]
[BlackElo "2161"]
[Result "1-0"]
[Round "11"]
[TimeControl "180+1"]
[Date "2021.05.25"]
[WhiteClock "0:00:19"]
[BlackClock "0:00:01"]

1. e4 e6 2. d4 d5 3. exd5 exd5 4. Nf3 Bd6 5. c4 Nf6 6. c5 Be7 7. Bd3 b6 8. Be3 O-O 9. O-O Ba6 10. Bxa6 Nxa6 11. Qa4 Qc8 12. b4 bxc5 13. bxc5 Rb8 14. Nc3 Rb4 15. Qc2 c6 16. a3 Rb7 17. Qa4 Nb8 18. Bf4 Nbd7 19. Rab1 Ne4 20. Rxb7 Qxb7 21. Rb1 Qc8 22. Nxe4 dxe4 23. Nd2 Nf6 24. Qxa7 Qe6 25. Rb7 Nd5 26. Be3 Bf6 27. Qa6 Nxe3 28. fxe3 Bg5 29. Qe2 f5 30. g3 Kh8 31. Rb3 Rd8 32. Kg2 g6 33. a4 Qd5 34. Qc4 Qd7 35. a5 Bf6 36. a6 g5 37. Rb7 Qe8 38. a7 f4 39. gxf4 gxf4 40. Qf7 Qxf7 41. Rxf7 fxe3 42. Nxe4 e2 43. Kf2 Bxd4+ 44. Kxe2 Ra8 45. Kd3 Be5 46. Re7 Bxh2 47. Nf6 Rd8+ 48. Kc4 Rd7 49. Rxd7 1-0


[Site "https://www.chess.com"]